 Dungeon Crawl Stone Soup version 0.30-a0-989-g0d87f670db (webtiles) character file.

Game seed: 6677545774278904046

703 jtron the Magician (level 7, -10/46 HPs)
             Began as a Demonspawn Wanderer on Apr 3, 2023.
             Was a Follower of Hepliaklqana.
             Mangled by an orc warrior
             ... wielding a +0 war axe
              (14 damage)
             ... on level 6 of the Dungeon.
             The game lasted 00:17:41 (5413 turns).

jtron the Magician (Demonspawn Wanderer)            Turns: 5413, Time: 00:17:41

Health: -10/46     AC:  8    Str: 13    XL:     7   Next: 39%
Magic:  12/13      EV: 11    Int: 15    God:    Hepliaklqana [*.....]
Gold:   265        SH:  0    Dex: 15    Spells: 10/15 levels left

rFire   . . .      SeeInvis .    a - +1 dagger
rCold   + . .      Faith    .    (no shield)
rNeg    + . .      Spirit   .    n - +0 leather armour of the Farrier {Str+3}
rPois   .          Reflect  .    (no helmet)
rElec   +          Rampage  .    k - +0 cloak
rCorr   .                        m - +2 pair of gloves
Will    .....                    (no boots)
Stlth   +                        (no amulet)
HPRegen 0.27/turn                c - ring of the Messenger {rElec rC+ rN+}
MPRegen 0.13/turn                (no ring)

@: no status effects
A: reduced essence, claws 1, rugged brown scales 1, demonic guardian 1, powered
by death 1
a: Renounce Religion, Recall Ancestor, Ancestor Identity


You were on level 6 of the Dungeon.
You worshipped Hepliaklqana.
Hepliaklqana was aware of your devotion.
You visited 2 branches of the dungeon, and saw 7 of its levels.

You collected 265 gold pieces.

Inventory:

Hand Weapons
 a - a +1 dagger (weapon)
 b - a +1 sling
 s - a +1 dagger of pain
Missiles
 h - 61 stones (quivered)
 p - 5 poisoned darts
Armour
 k - a +0 cloak (worn)
 m - a +2 pair of gloves (worn)
 n - the +0 leather armour of the Farrier (worn) {Str+3}
   (You found it on level 2 of the Dungeon)

   Str:       It affects your strength (+3).
Jewellery
 c - the ring of the Messenger (left hand) {rElec rC+ rN+}
   (You found it on level 2 of the Dungeon)

   [ring of protection from cold]

   rC:        It protects you from cold.
   rElec:     It insulates you from electricity.
   rN:        It protects you from negative energy.
Wands
 q - a wand of roots (2)
Scrolls
 d - a scroll of poison {unknown}
 e - 4 scrolls of teleportation
 i - a scroll of amnesia
 j - a scroll of identify
 l - 2 scrolls of fear
Potions
 f - a potion of magic {unknown}
 g - a potion of brilliance
 o - 2 potions of attraction
 r - 4 potions of curing
 t - a potion of heal wounds
 w - a potion of mutation {unknown}


   Skills:
 * Level 2.2 Fighting
 + Level 2.9 Short Blades
 + Level 1.4 Ranged Weapons
 + Level 1.0 Throwing
 - Level 3.1 Armour
 + Level 1.4 Dodging
 + Level 0.4 Stealth
 * Level 4.5 Spellcasting
 + Level 4.4 Summonings
 * Level 1.1 Transmutations
 + Level 1.0 Air Magic


You had 10 spell levels left.
You knew the following spells:

 Your Spells              Type           Power      Damage    Failure   Level
a - Summon Small Mammal   Summ           64%        N/A       3%          1
b - Call Imp              Summ           16%        N/A       5%          2
c - Wereblood             Tmut           6%         N/A       21%         2

Your spell library contained the following spells:

 Spells                   Type           Power      Damage    Failure   Level
 Beastly Appendage        Tmut           12%        N/A       14%         1
 Poisonous Vapours        Pois/Air       8%         N/A       26%         2
 Cigotuvi's Dreadful Rot  Necr/Pois/Air  8%         N/A       28%         2
 Blink                    Tloc           6%         N/A       32%         2
 Spider Form              Tmut/Pois      5%         N/A       45%         3
 Animate Armour           Summ/Erth      20%        N/A       65%         4
 Manifold Assault         Tloc           3%         N/A       91%         4
 Storm Form               Tmut/Air       3%         N/A       100%        7


Dungeon Overview and Level Annotations

Branches:
Dungeon (6/15)             Temple (1/1) D:5

Altars:
Ashenzari
Fedhas
Gozag
Hepliaklqana
Kikubaaqudgha
Nemelex Xobeh
Okawaru
Qazlal
Ru
Sif Muna
Trog
Uskayaw
Wu Jian
Xom
Yredelemnul

Shops:
D:6 =


Innate Abilities, Weirdness & Mutations

Your life essence is reduced to manifest your ancestor. (-10% HP)
You have sharp fingernails.
You are partially covered in rugged brown scales. (AC +1, +3% HP)
A weak demonic guardian rushes to your aid.
You regenerate a little health from kills.


Message History

You kill the orc!
Your crimson imp hits the orc warrior but does no damage.
Things that are here:
a +0 dagger; a +0 hand axe
Casting: Call Imp (safe; 5% risk of failure)
Confirm with . or Enter, or press ? or * to list all spells.
A beastly little devil appears in a puff of flame.
The orc warrior hits you with a +0 war axe!
The orc warrior hits your crimson imp with a +0 war axe!
Your crimson imp blinks!
You hit the orc warrior but do no damage.
The orc warrior hits you with a +0 war axe!
You hit the orc warrior.
The orc warrior is lightly wounded.
The orc warrior barely misses you.
The orc warrior closely misses something.
You hit the orc warrior but do no damage.
The orc warrior is lightly wounded.
The orc warrior hits you with a +0 war axe!
* * * LOW HITPOINT WARNING * * *
You barely miss the orc warrior.
The orc warrior is lightly wounded.
The orc warrior closely misses you.
You completely miss the orc warrior.
The orc warrior is lightly wounded.
The orc warrior closely misses you.
You hit the orc warrior but do no damage.
The orc warrior is lightly wounded.
The orc warrior hits you with a +0 war axe!
* * * LOW HITPOINT WARNING * * *
A demonic guardian appears!
You hit the orc warrior but do no damage.
The orc warrior is lightly wounded.
The orc warrior misses you.
You hit the orc warrior but do no damage.
The orc warrior is lightly wounded.
You barely miss the orc warrior.
The orc warrior is lightly wounded.
The orc warrior hits you with a +0 war axe!
You die...

.##. .# ## .# .# .#
.# ##### ### ###
####.# #o#.# #.# #.#
#.#55#
.#.#.#.#.#.#.#.#@#.#
#.###.###.###.###o.#
)#.#.#.#.#.#.#.#.#.#
#.#.#.#.#.#.#.#o#..#
####################


You could see an orc warrior (ally target), a friendly crimson imp (summoned)
and a friendly shadow imp (summoned).

Vanquished Creatures
  An orc warrior (D:5)
  A howler monkey (D:4)
  An orc priest (D:5)
  An iguana (D:5)
  A sleepcap (D:4)
  Ijyb (D:5)
  An orc wizard (D:5)
  3 gnolls
  An adder (D:5)
  4 worms
  2 dart slugs (D:3)
  7 orcs
  5 ball pythons
  9 endoplasms
  3 giant cockroaches
  6 goblins
  4 hobgoblins
  3 kobolds
  2 quokkas
  7 bats
  2 frilled lizards
  3 rats
68 creatures vanquished.

Vanquished Creatures (collateral kills)
  A black bear (D:5)
  An orc priest (D:4)
  A gnoll bouda (D:5)
  A sleepcap (D:5)
  An orc wizard (D:4)
  4 gnolls
  5 adders
  A white imp (D:5)
  A worm (D:4)
  A dart slug (D:1)
  2 orcs
  An endoplasm (D:1)
  A goblin (D:1)
  3 jackals (D:1)
24 creatures vanquished.

Vanquished Creatures (others)
  An ancestor (D:6)
1 creature vanquished.

Grand Total: 93 creatures vanquished

Notes
Turn   | Place    | Note
-------+----------+-------------------------------------------
     0 | D:1      | jtron the Demonspawn Wanderer began the quest for the Orb.
     0 | D:1      | jtron set off with the following items: a +0 dagger, a
                  | scroll of fear, a +0 ring mail; and the following spell
                  | memorised: Summon Small Mammal; and the following spells
                  | available to memorise: Call Imp, Poisonous Vapours,
                  | Cigotuvi's Dreadful Rot, Animate Armour.
     0 | D:1      | Reached XP level 1. HP: 13/13 MP: 3/3
   217 | D:1      | Gained mutation: You are partially covered in rugged brown
                  | scales. (AC +1, +3% HP) [demonic ancestry]
   217 | D:1      | Reached XP level 2. HP: 11/19 MP: 3/5
  1185 | D:2      | Gained mutation: You regenerate a little health from kills.
                  | [demonic ancestry]
  1185 | D:2      | Reached XP level 3. HP: 17/25 MP: 6/6
  1415 | D:2      | Learned a level 2 spell: Call Imp
  1470 | D:2      | Identified the +0 leather armour of the Farrier {Str+3}
  1493 | D:2      | Identified the ring of the Messenger {rElec rC+ rN+}
  1619 | D:2      | Reached skill level 1 in Ranged Weapons
  1981 | D:2      | Reached skill level 1 in Short Blades
  1981 | D:2      | Reached XP level 4. HP: 31/31 MP: 2/7
  3198 | D:4      | Found a stormy altar of Qazlal.
  3238 | D:4      | Reached XP level 5. HP: 26/37 MP: 2/9
  3508 | D:4      | Reached skill level 1 in Fighting
  3528 | D:4      | Reached skill level 1 in Dodging
  3619 | D:4      | Gained mutation: You have sharp fingernails. [demonic
                  | ancestry]
  3619 | D:4      | Reached XP level 6. HP: 44/44 MP: 6/11
  4020 | D:5      | Entered Level 5 of the Dungeon
  4114 | D:5      | Noticed an orc warrior
  4217 | D:5      | Killed an orc warrior
  4282 | D:5      | Learned a level 2 spell: Wereblood
  4444 | D:5      | Found a blossoming altar of Fedhas.
  4639 | D:5      | Gained mutation: A weak demonic guardian rushes to your
                  | aid. [demonic ancestry]
  4639 | D:5      | Reached XP level 7. HP: 27/51 MP: 8/13
  4796 | D:5      | Found a staircase to the Ecumenical Temple.
  4801 | Temple   | Entered the Ecumenical Temple
  4833 | Temple   | Became a worshipper of Hepliaklqana the Forgotten
  5005 | D:5      | Noticed Ijyb
  5048 | D:5      | Killed Ijyb
  5059 | D:5      | Found a broken altar of Ashenzari.
  5080 | D:5      | Reached skill level 1 in Transmutations
  5325 | D:6      | Found Usoympalo's Jewellery Shop.
  5328 | D:6      | Reached * piety under Hepliaklqana
  5413 | D:6      | Mangled by an orc warrior

Illustrated notes

Levels and vault maps discovered:
D:1:      psy_arrival_spokes, layout_basic
D:2:      layout_basic
D:3:      layout_basic
D:4:      layout_loops_ring, nicolae_qazlal_scattered_showers
D:5:      layout_rooms, mainiacjoe_overflow_catwalk,
          mainiacjoe_overflow_brackets, temple_doors_e, guppyfry_early_orc_mine,
          uniq_ijyb
D:6:      layout_cave_pools, marbit_many_paths, slow_altar_1, serial_shops,
          nicolae_shop_stone, roderic_roman_lattice, dk_noncrumbling_3
Temple:   hellmonk_temple_two_chambers

Skill      XL: |  1  2  3  4  5  6  7 |
---------------+----------------------+-----
Armour         | 3 |  3.1
Ranged Weapons | 1 |  1.4
Short Blades   | 1 2 |  2.9
Fighting       | 1 2 |  2.2
Spellcasting   | 3 4 |  4.5
Dodging        | 1 |  1.4
Summonings     | 4 |  4.4
Transmutations | 1 |  1.1
Throwing       | |  1.0
Stealth        | |  0.4
Air Magic      | |  1.0

Action                     |  1- 3 |  4- 6 |  7- 9 || total
---------------------------+-------+-------+-------++-------
  Melee: Dagger            |   157 |   270 |    62 ||   489
         Punch             |     3 |     3 |     1 ||     7
   Fire: Sling             |    23 |     8 |    11 ||    42
  Throw: Throwing net      |       |     3 |     1 ||     4
         Dart              |       |       |     5 ||     5
   Cast: Summon Small Mamm |    16 |    15 |     7 ||    38
         Call Imp          |     2 |    17 |    15 ||    34
  Evoke: Wand              |       |       |     2 ||     2
    Use: Scroll            |     7 |     9 |       ||    16
         Potion            |       |     2 |     1 ||     3
   Stab: Distracted        |     1 |       |     1 ||     2
         Held in net/web   |       |     3 |       ||     3
         Sleeping          |       |     1 |       ||     1
 Armour: Ring mail         |    49 |       |       ||    49
         Leather armour    |    18 |    76 |    24 ||   118
         Skin              |     2 |    26 |       ||    28
  Dodge: Dodged            |   108 |    81 |    39 ||   228

Table legend: (Time is in decaauts)
 A = Elapsed time spent in this place.
 B = Non-inter-level travel time spent in this place.
 C = Inter-level travel time spent in this place.
 D = Time resting spent in this place.
 E = Time spent auto-exploring this place.
 F = Levels seen in this place.
 G = Mean time per level.
                   A        B        C        D        E       F      G
               +--------+--------+--------+--------+--------+-----+--------+
         Total |   5383 |   5215 |    168 |    468 |   3280 |   7 |  769.0 |
       Dungeon |   5344 |   5181 |    163 |    468 |   3272 |   6 |  890.7 |
        Temple |     38 |     33 |      5 |      0 |      8 |   1 |   38.0 |
               +--------+--------+--------+--------+--------+-----+--------+

Top non-repeatable levels by time:
     D:2: 1344 daAuts
     D:5: 1235 daAuts
     D:3: 936 daAuts
     D:1: 896 daAuts
     D:4: 837 daAuts
     D:6: 94 daAuts
  Temple: 38 daAuts
